 Dungeon Crawl Stone Soup version 0.32-a0-22-g6ae6769602 (webtiles) character file.

Game seed: 8646926071906007211

1173 mightbedylan the Trooper (level 8, -14/109 HPs)
             Began as a Minotaur Fighter on Jan 19, 2024.
             Was a Believer of Trog.
             Demolished by an ogre
             ... wielding a +0 giant club
              (16 damage)
             ... on level 5 of the Dungeon.
             The game lasted 00:16:25 (3205 turns).

mightbedylan the Trooper (Minotaur Fighter)         Turns: 3205, Time: 00:16:25

Health: -14/109    AC: 25    Str: 23    XL:     8   Next: 18%
Magic:  7/7        EV:  3    Int:  5    God:    Trog [**....]
Gold:   1278       SH:  5    Dex: 10    Spells: 7/7 levels left

rFire   + . .        p - +1 whip (elec)
rCold   . . .        c - +0 buckler
rNeg    . . .        v - +0 crystal plate armour
rPois   .            i - +1 hat
rElec   .            t - +2 cloak of Privacy {rF+}
rCorr   .            (no gloves)
SInv    .            n - +2 pair of boots
Will    .....        (no amulet) Stlth
                     (no ring)
HPRegen 0.38/turn    (no ring)
MPRegen 0.10/turn

%: no passive effects
@: berserking (expiring), lethally poisoned (-14 -> -17), very quick
A: horns 2, retaliatory headbutt
a: Renounce Religion, Berserk, Trog's Hand


You were on level 5 of the Dungeon.
You worshipped Trog.
Trog was pleased with you.
You visited 1 branch of the dungeon, and saw 5 of its levels.

You collected 1278 gold pieces.

Inventory:

Hand Weapons
 a - a +0 war axe
 p - a +1 whip of electrocution (weapon)
 B - a +2 short sword of electrocution
Missiles
 C - a curare-tipped dart (quivered)
 D - 15 poisoned darts
Armour
 b - a +0 scale mail
 c - a +0 buckler (worn)
 i - a +1 hat (worn)
 n - a +2 pair of boots (worn)
 t - the +2 cloak of Privacy (worn) {rF+}
   (You found it on level 3 of the Dungeon)

   rF+:       It protects you from fire.
 v - a +0 crystal plate armour (worn)
Jewellery
 u - an amulet of magic regeneration
Wands
 m - a wand of iceblast (8)
 F - a wand of charming (6)
Scrolls
 j - 2 scrolls of vulnerability
 l - a scroll of revelation
 s - 2 scrolls of noise {unknown}
 x - a scroll of immolation {unknown}
 y - a scroll of enchant armour {unknown}
 z - 2 scrolls of fog {unknown}
 A - a scroll of enchant weapon {unknown}
 E - a scroll of brand weapon {unknown}
Potions
 d - a potion of might
 e - a potion of degeneration {unknown}
 f - 2 potions of heal wounds {unknown}
 g - 5 potions of curing {unknown}
 h - a potion of attraction {unknown}
 k - 4 potions of mutation {unknown}
 o - 3 potions of berserk rage {unknown}
 w - a potion of brilliance {unknown}


   Skills:
 * Level 7.4 Fighting
 - Level 4.0(5.0) Axes
 * Level 4.5(5.2) Maces & Flails
 + Level 2.0 Throwing
 + Level 6.2 Armour
 + Level 6.3 Shields


You had 7 spell levels left.
You didn't know any spells.
Your spell library was empty.

Dungeon Overview and Level Annotations

Branches:
Dungeon (5/15)
 Temple: D:4-7

Altars:
Cheibriados
Qazlal
Ru
Sif Muna
Trog


Innate Abilities, Weirdness & Mutations

You have a pair of horns on your head.
You reflexively headbutt those who attack you in melee.


Message History

Your headbutt misses the two-headed ogre.
The two-headed ogre is severely wounded.
You feel sick.
The killer bee stings you but does no damage.
The ogre completely misses you.
The two-headed ogre hits you with a +0 giant club!
* * * LOW HITPOINT WARNING * * *
The two-headed ogre hits you but does no damage.
You are too berserk!
You whack the two-headed ogre!
Your headbutt misses the two-headed ogre.
The two-headed ogre is almost dead.
You feel sick.
The killer bee stings you but does no damage.
The adder completely misses you.
You whack the two-headed ogre! You headbutt the two-headed ogre.
You kill the two-headed ogre!
Trog accepts your kill.
You feel sick. The killer bee barely misses you.
The adder bites you but does no damage. The killer bee stings you.
* * * LOW HITPOINT WARNING * * *
The ogre hits you with a +0 giant club!
* * * LOW HITPOINT WARNING * * *
Your Fighting skill increases to level 7!
Your base Maces & Flails skill gained 2 levels and is now at level 4!
Your Throwing skill gained 2 levels and is now at level 2!
Your Armour skill increases to level 6!
Your Shields skill increases to level 6!
You have reached level 8!
You feel stronger.
You are too berserk!
Things that are here:
a +0 giant club; a +0 giant spiked club You closely miss the killer bee.
The killer bee is moderately wounded.
* * * LOW HITPOINT WARNING * * *
You feel sick.
The killer bee stings you but does no damage.
The ogre hits you with a +0 giant club!
You die...

#. #. ###:
.#. ##..##
.# #..
#O.[.#...
+..
#Sgr..###
#...
#yOw.....
#....
#@#######
#....##.##
+........#
#........#
#......<.#
#........#
#........#
#........#
##########


You could see 2 ogres, a killer bee, a gnoll, an adder, a dart slug and a
quokka.

Vanquished Creatures
  A two-headed ogre (D:5)
  An ogre (D:4)
  A kobold brigand (D:4)
  A bombardier beetle (D:3)
  Ijyb (D:3)
  Jessica (D:2)
  An iguana (D:4)
  3 orc wizards
  7 gnolls
  8 adders
  A dart slug (D:4)
  2 ribbon worms
  3 orcs (D:4)
  10 ball pythons
  8 endoplasms
  8 goblins
  8 hobgoblins
  7 jackals
  A quokka (D:2)
  7 bats
  5 frilled lizards
  28 kobolds
  8 rats
121 creatures vanquished.

Notes
Turn   | Place    | Note
-------+----------+-------------------------------------------
     0 | D:1      | mightbedylan the Minotaur Fighter began the quest for the
                  | Orb.
     0 | D:1      | Reached XP level 1. HP: 19/19 MP: 0/0
   305 | D:1      | Reached XP level 2. HP: 26/27 MP: 1/1
   706 | D:1      | Reached skill level 4 in Fighting
   878 | D:2      | Reached XP level 3. HP: 33/33 MP: 2/2
   944 | D:2      | Noticed Jessica
   951 | D:2      | Killed Jessica
   952 | D:2      | Reached XP level 4. HP: 31/41 MP: 3/3
  1264 | D:2      | Found a bloodstained altar of Trog.
  1279 | D:2      | Became a worshipper of Trog the Wrathful
  1507 | D:3      | Found a sacrificial altar of Ru.
  1519 | D:3      | Reached XP level 5. HP: 47/47 MP: 4/4
  1587 | D:3      | Found a shimmering blue altar of Sif Muna.
  1658 | D:3      | Identified a scroll of acquirement
  1659 | D:3      | Acquired 1137 gold pieces
  1688 | D:3      | Noticed Ijyb
  1707 | D:3      | Killed Ijyb
  1770 | D:3      | Reached * piety under Trog
  1771 | D:3      | Reached skill level 5 in Fighting
  1771 | D:3      | Reached skill level 5 in Shields
  1793 | D:3      | Reached skill level 1 in Maces & Flails
  1798 | D:3      | Reached skill level 5 in Armour
  1800 | D:3      | Reached XP level 6. HP: 25/56 MP: 5/5
  1945 | D:3      | Identified the +2 cloak of Privacy {rF+}
  1962 | D:3      | Found a stormy altar of Qazlal.
  1964 | D:3      | Found a snail-covered altar of Cheibriados.
  2134 | D:3      | Identified the +9 short sword "Nusoe" {drain, rF+ Stlth+}
  2487 | D:4      | Reached skill level 6 in Fighting
  2662 | D:4      | Reached ** piety under Trog
  2715 | D:4      | Reached XP level 7. HP: 64/64 MP: 6/6
  3183 | D:5      | Entered Level 5 of the Dungeon
  3187 | D:5      | Noticed a two-headed ogre
  3203 | D:5      | Killed a two-headed ogre
  3203 | D:5      | HP: 2/96 [ogre/+0 giant club (13)]
  3204 | D:5      | Reached skill level 7 in Fighting
  3204 | D:5      | Reached XP level 8. HP: 2/73 MP: 7/7
  3205 | D:5      | Demolished by an ogre

Illustrated notes

Levels and vault maps discovered:
D:1:      lemuel_arrival_tunnels, layout_basic
D:2:      layout_basic, basic_altar, uniq_jessica
D:3:      layout_basic, nicolae_ru_great_annihilating_truth,
          mainiacjoe_overflow_catch_the_wave, marbit_many_paths, uniq_ijyb
D:4:      kennysheep_kobold_camp, layout_basic, minmay_distorted
D:5:      layout_gridville, minmay_temple_entry_junction_2, minmay_manual_mail

Skill      XL: |  1  2  3  4  5  6  7 |
---------------+----------------------+-----
Shields        | 4 5 6 |  6.3
Fighting       | 4 5 6 7 |  7.4
Armour         | 4 5 6 |  6.2
Axes           | 3 4 |  4.0
Maces & Flails | 1 2 4 |  4.5
Throwing       | 2 |  2.0

Action                     |  1- 3 |  4- 6 |  7- 9 || total
---------------------------+-------+-------+-------++-------
  Melee: War axe           |    62 |    43 |       ||   105
         Headbutt          |     9 |    34 |     5 ||    48
         Whip              |       |   118 |    31 ||   149
 Invoke: Berserk           |       |     1 |     1 ||     2
    Use: Scroll            |       |     4 |     2 ||     6
   Stab: Invisible         |       |     1 |       ||     1
         Paralysed         |       |     1 |       ||     1
 Armour: Scale mail        |    46 |    72 |       ||   118
         Crystal plate arm |       |    77 |    55 ||   132
  Dodge: Dodged            |    33 |    73 |    16 ||   122
  Block: Buckler           |     7 |    35 |    13 ||    55

Table legend: (Time is in decaauts)
 A = Elapsed time spent in this place.
 B = Non-inter-level travel time spent in this place.
 C = Inter-level travel time spent in this place.
 D = Time resting spent in this place.
 E = Time spent auto-exploring this place.
 F = Levels seen in this place.
 G = Mean time per level.
                   A        B        C        D        E       F      G
               +--------+--------+--------+--------+--------+-----+--------+
         Total |   3243 |   3151 |     92 |    134 |   2313 |   5 |  648.6 |
       Dungeon |   3243 |   3151 |     92 |    134 |   2313 |   5 |  648.6 |
               +--------+--------+--------+--------+--------+-----+--------+

Top non-repeatable levels by time:
     D:4: 1015 daAuts
     D:1: 887 daAuts
     D:3: 676 daAuts
     D:2: 645 daAuts
     D:5: 18 daAuts
